 Dungeon Crawl Stone Soup version 0.29-a0-251-g80730f7218 (webtiles) character file.

Game seed: 5380685889918847898

496 dolemite99 the Cleaver (level 7, -6/85 HPs)
             Began as a Hill Orc Fighter on Mar 6, 2022.
             Was a Follower of Qazlal.
             Mangled by a gnoll
             ... wielding a +0 halberd
              (10 damage)
             ... on level 4 of the Dungeon.
             The game lasted 00:03:30 (2682 turns).

dolemite99 the Cleaver (Hill Orc Fighter)           Turns: 2682, Time: 00:03:32

Health: -6/85      AC: 23    Str: 21    XL:     7   Next: 15%
Magic:  7/7        EV:  2    Int:  8    God:    Qazlal [*.....]
Gold:   121        SH:  6    Dex: 10    Spells: 6/6 levels left

rFire   . . .      SeeInvis .   a - +0 war axe
rCold   . . .      Faith    +   c - +0 buckler
rNeg    . . .      Spirit   .   (body armour currently unavailable)
rPois   +          Reflect  .   (helmet currently unavailable)
rElec   .          Harm     .   (cloak currently unavailable)
rCorr   +          Rampage  .   (gloves currently unavailable)
Will    .....      NoTele   +   (boots currently unavailable)
Stlth   +.........              h - amulet of faith
HPRegen 0.24/turn               m - ring of resist corrosion
MPRegen 0.10/turn               (no ring)

@: tree-form (expiring)
A: stationary, stasis, torment immunity, boosted hp
a: Renounce Religion


You were on level 4 of the Dungeon.
You worshipped Qazlal.
Qazlal was aware of your devotion.
You were a tree.
You visited 1 branch of the dungeon, and saw 4 of its levels.

You collected 121 gold pieces.

Inventory:

Hand Weapons
 a - a +0 war axe (weapon)
Armour
 c - a +0 buckler (worn)
 f - a +0 plate armour (melded)
 j - a +1 pair of gloves (melded)
 l - a +0 pair of boots (melded)
 o - the +0 pair of boots "Voqulaymn" {*Corrode rElec Str+3 Dex+4}
   (You found it on level 3 of the Dungeon)

   Str:       It affects your strength (+3).
   Dex:       It affects your dexterity (+4).
   rElec:     It insulates you from electricity.
   *Corrode:  It may corrode you when you take damage.
Jewellery
 h - an amulet of faith (around neck)
 m - a ring of resist corrosion (left branch)
Scrolls
 b - 2 scrolls of noise
Potions
 n - 2 potions of flight


   Skills:
 - Level 3.6 Fighting
 + Level 9.9 Axes
 - Level 3.2 Armour
 - Level 3.2 Shields


You had 6 spell levels left.
You didn't know any spells.
Your spell library contained the following spells:

 Spells                   Type           Power      Damage    Failure   Level
 Beastly Appendage        Tmut           0%         N/A       50%         1
 Wereblood                Tmut           0%         N/A       65%         2
 Frozen Ramparts          Ice            0%         1d2       86%         3
 Spider Form              Tmut/Pois      0%         N/A       86%         3
 Ice Form                 Ice/Tmut       0%         N/A       99%         4
 Olgreb's Toxic Radiance  Pois           0%         N/A       99%         4
 Summon Ice Beast         Ice/Summ       0%         N/A       99%         4
 Ozocubu's Refrigeration  Ice            0%         4d5       100%        7
 Ignition                 Fire           0%         3d3       100%        8


Dungeon Overview and Level Annotations

Branches:
Dungeon (4/15)
 Temple: D:4-7

Altars:
Cheibriados
Qazlal


Message History

* * * LOW HITPOINT WARNING * * *
Okay, then.
You aren't carrying any items that you can evoke.
Unknown command.
You block the gnoll's attack. The gnoll hits you but does no damage.
The gnoll hits you but does no damage. The gnoll hits you but does no damage.
The gnoll hits you from afar with a +0 halberd.
* * * LOW HITPOINT WARNING * * *
You are no longer glowing.
The gnoll hits you but does no damage.
The gnoll hits you from afar with a +0 halberd.
* * * LOW HITPOINT WARNING * * *
The gnoll hits you from afar with a +0 halberd.
* * * LOW HITPOINT WARNING * * *
The gnoll hits you but does no damage.
The gnoll hits you from afar with a +0 halberd.
* * * LOW HITPOINT WARNING * * *
The gnoll hits you but does no damage. You block the gnoll's attack.
You block the gnoll's attack. The gnoll completely misses you.
The gnoll hits you but does no damage. You block the gnoll's attack.
You block the gnoll's attack.
The gnoll hits you from afar with a +0 halberd.
* * * LOW HITPOINT WARNING * * *
The gnoll hits you but does no damage.
Okay, then.
You aren't carrying any items that you can evoke.
Unknown command.
Okay, then.
The gnoll hits you from afar with a +0 halberd.
* * * LOW HITPOINT WARNING * * *
Your transformation is almost over.
You block the gnoll's attack. You block the gnoll's attack.
The gnoll hits you from afar with a +0 halberd!
You die...

...... #... .#
.......## ..... ...
......#.####
......#.##)##
........gg)♣#
..###..#)### ##
##.....##.##
#####.........###
#.
##.#.#..##........
#.
#.......#....#####
#.##..#........##
#..........#....#
#....####.....###.#


You could see 2 gnolls.

Vanquished Creatures
  A wyvern (D:4)
  3 wights (D:4)
  A gnoll shaman (D:4)
  An iguana (D:4)
  2 gnolls (D:4)
  8 adders
  2 dart slugs (D:2)
  An orc (D:3)
  4 endoplasms
  2 giant cockroaches
  2 goblins
  A hobgoblin (D:1)
  4 jackals (D:4)
  3 kobolds
  2 quokkas
  5 ball pythons
  A bat (D:2)
  9 frilled lizards
  4 rats (D:2)
56 creatures vanquished.

Notes
Turn   | Place    | Note
-------+----------+-------------------------------------------
     0 | D:1      | dolemite99 the Hill Orc Fighter began the quest for the
                  | Orb.
     0 | D:1      | Reached XP level 1. HP: 19/19 MP: 1/1
   104 | D:1      | Reached skill level 3 in Axes
   107 | D:1      | Reached XP level 2. HP: 22/26 MP: 2/2
   270 | D:1      | You fall into a shaft and drop 1 floor!
   474 | D:2      | Reached skill level 4 in Axes
   559 | D:2      | Reached XP level 3. HP: 28/31 MP: 3/3
   668 | D:2      | Reached skill level 5 in Axes
   955 | D:2      | Reached XP level 4. HP: 36/39 MP: 4/4
  1074 | D:2      | Found a stormy altar of Qazlal.
  1099 | D:2      | Became a worshipper of Qazlal Stormbringer
  1324 | D:3      | Reached skill level 6 in Axes
  1347 | D:3      | Found a snail-covered altar of Cheibriados.
  1397 | D:3      | Identified the +0 pair of boots "Voqulaymn" {*Corrode rElec
                  | Str+3 Dex+4}
  1929 | D:4      | Noticed a wyvern
  1931 | D:4      | Reached XP level 5. HP: 45/45 MP: 5/5
  1940 | D:4      | Killed a wyvern
  1941 | D:4      | Reached skill level 8 in Axes
  1941 | D:4      | Reached XP level 6. HP: 15/51 MP: 6/6
  2366 | D:4      | Reached * piety under Qazlal
  2367 | D:4      | Reached skill level 9 in Axes
  2370 | D:4      | Reached XP level 7. HP: 19/57 MP: 7/7
  2679 | D:4      | HP: 3/85 [gnoll/+0 halberd (4)]
  2682 | D:4      | Mangled by a gnoll

Illustrated notes

Levels and vault maps discovered:
D:1:      matt_arrival_los_fun, layout_basic, minmay_lizard_pond
D:2:      layout_loops_ring, basic_altar
D:3:      layout_loops_cross, cheibriados_altar_1
D:4:      minmay_chambers_of_threes, layout_cave_pools, gup_sewer_entry_pipe,
          minmay_misc_feat_rugged, bh_walls_and_bars

Skill      XL: |  1  2  3  4  5  6 |
---------------+-------------------+-----
Axes           | 3 4 5 6 8 9 |  9.9
Fighting       | |  3.6
Armour         | |  3.2
Shields        | |  3.2

Action                   |  1- 3 |  4- 6 |  7- 9 || total
-------------------------+-------+-------+-------++-------
Melee: War axe           |    78 |    89 |    15 ||   182
  Use: Scroll            |       |     5 |       ||     5
       Potion            |       |     4 |     1 ||     5
Armor: Scale mail        |     7 |       |       ||     7
       Plate armour      |    47 |    62 |    13 ||   122
       Skin              |       |       |     9 ||     9
Dodge: Dodged            |    17 |    19 |    10 ||    46
Block: Buckler           |    16 |    20 |    13 ||    49

Table legend: (Time is in decaauts)
 A = Elapsed time spent in this place.
 B = Non-inter-level travel time spent in this place.
 C = Inter-level travel time spent in this place.
 D = Time resting spent in this place.
 E = Time spent auto-exploring this place.
 F = Levels seen in this place.
 G = Mean time per level.
                   A        B        C        D        E       F      G
               +--------+--------+--------+--------+--------+-----+--------+
         Total |   2725 |   2659 |     66 |    113 |   1948 |   4 |  681.2 |
       Dungeon |   2725 |   2659 |     66 |    113 |   1948 |   4 |  681.2 |
               +--------+--------+--------+--------+--------+-----+--------+

Top non-repeatable levels by time:
     D:2: 1048 daAuts
     D:4: 761 daAuts
     D:3: 642 daAuts
     D:1: 272 daAuts
